 Dungeon Crawl Stone Soup version 0.25-a0-479-g8579842fd4 (webtiles) character file.

Game seed: 1558860064792985682, levelgen mode: deterministic

676 Notrik the Fighter (level 7, 0/69 HPs)
             Began as a Minotaur Fighter on Feb 9, 2020.
             Slain by a hornet (7 damage)
             ... while paralysed by a hornet
             ... on level 4 of the Dungeon.
             The game lasted 00:07:56 (3844 turns).

Notrik the Fighter (Minotaur Fighter)               Turns: 3844, Time: 00:07:56

Health: 0/69       AC:  6    Str: 28    XL:     7   Next: 33%
Magic:  6/6        EV:  2    Int:  5    God:
Gold:   121        SH:  0    Dex:  9    Spells: 6/6 levels left

rFire    . . .     SeeInvis .   a - +0 war axe
rCold    . . .     Gourm    .   c - +0 shield
rNeg     . . .     Faith    .   b - +0 scale mail
rPois    .         Spirit   .   (helmet restricted)
rElec    .         Reflect  .   (no cloak)
rCorr    .         Harm     .   (no gloves)
MR       .....                  (no boots)
Stlth    ..........             (no amulet)
HPRegen  0.21/turn              (no ring)
MPRegen  0.10/turn              (no ring)

@: paralysed, mighty, lethally poisoned (0 -> -24)
A: retaliatory headbutt, horns 2
a: no special abilities


You were on level 4 of the Dungeon.
You were not hungry.

You visited 1 branch of the dungeon, and saw 4 of its levels.
You also visited: Ossuary.

You collected 121 gold pieces.

Inventory:

Hand Weapons
 a - a +0 war axe (weapon)
Armour
 b - a +0 scale mail (worn)
 c - a +0 shield (worn)
Jewellery
 l - an uncursed ring of protection from fire {unknown}
   (You found it on level 1 of the Dungeon)
 u - a cursed -2 ring of intelligence {unknown}
   (You found it on level 3 of the Dungeon)
Wands
 t - a wand of flame (26)
   (You found it on level 3 of the Dungeon)
Scrolls
 f - 4 scrolls of identify {unknown}
 g - a scroll of enchant armour {unknown}
 h - 4 scrolls of enchant weapon {unknown}
 j - 3 scrolls of fear {unknown}
 k - a scroll of amnesia {unknown}
 q - a scroll of fog {unknown}
 r - a scroll of magic mapping {unknown}
 s - a scroll of immolation {unknown}
 y - a scroll of remove curse {unknown}
 z - a scroll of holy word {unknown}
Potions
 d - a potion of might
 i - 2 potions of haste {unknown}
 m - 3 potions of curing {unknown}
 n - a potion of brilliance {unknown}
 o - a potion of flight {unknown}
 p - 3 potions of heal wounds {unknown}
 v - a potion of ambrosia {unknown}
 w - a potion of magic {unknown}
 x - a potion of resistance {unknown}
 A - 2 potions of berserk rage {unknown}
Comestibles
 e - 7 rations {!d}


   Skills:
 * Level 8.7 Fighting
 - Level 2.4 Axes
 - Level 3.6 Armour
 + Level 6.6 Shields


You had 6 spell levels left.
You didn't know any spells.
Your spell library was empty.

Dungeon Overview and Level Annotations

Branches:
Dungeon (4/15)            Ossuary (visited)
 Temple: D:4-7

Altars:


Innate Abilities, Weirdness & Mutations

You reflexively headbutt those who attack you in melee.
You have a pair of horns on your head.


Message History

e - 7 rations {!d} (gained 1)
You open the door.
Found 2 rations.
Found a pair of gloves.
Found a stone staircase leading down.
There is an open door here.
A hornet comes into view.
A hornet is nearby!
The hornet buzzes angrily.
You see here a ration {!d}.
You barely miss the hornet. The hornet stings you.
You are poisoned.
You feel yourself slow down. The hornet barely misses you.
You closely miss the hornet. Your headbutt misses the hornet.
You feel yourself speed up.
You feel very sick.
You block the hornet's attack. x2; The hornet stings you!
You feel yourself slow down.
You closely miss the hornet.
You feel sick. The hornet stings you!
* * * LOW HITPOINT WARNING * * *
You are more poisoned.
You feel as though you will be slow longer.
The hornet stings you but does no damage.
The hornet barely misses you.
You miss the hornet.
You headbutt the hornet, but do no damage.
You feel yourself speed up.
You feel very sick. The hornet closely misses you. The hornet stings you.
* * * LOW HITPOINT WARNING * * *
You are more poisoned.
You feel yourself slow down. The hornet stings you.
* * * LOW HITPOINT WARNING * * *
You are more poisoned.
You feel as though you will be slow longer.
* * * LOW HITPOINT WARNING * * *
You feel very sick. You block the hornet's attack.
You see here a ration {!d}.
You feel very mighty all of a sudden.
* * * LOW HITPOINT WARNING * * *
You feel very sick. You block the hornet's attack. The hornet stings you.
* * * LOW HITPOINT WARNING * * *
You suddenly lose the ability to move!
You feel yourself speed up.
* * * LOW HITPOINT WARNING * * *
You feel sick. The hornet stings you!
You die...

.... .... #..#
###..## #.....+ .[
#.....# ...
#########....# ..#
#.'.#.#.#..y.###..##
###'#'#'#.%@........
#.'...'.#..........>
###...###...........
#.'...'.####'###.##
# #.#'#'#'##...# #
#. #.#.#.#.#....#
#..#'#######....#
#(..............#
####+####..##..##


You could see a hornet.

Vanquished Creatures
  Menkaure (Ossuary)
  An elf zombie (D:4)
  2 elf skeletons (D:4)
  A human zombie (D:4)
  2 human skeletons (D:4)
  A worker ant (D:4)
  3 mummies (Ossuary)
  Robin (D:3)
  10 adders
  4 gnolls
  A worm (D:3)
  A dart slug (D:2)
  4 leopard geckos
  8 bats
  3 giant cockroaches
  3 gnoll zombies (Ossuary)
  12 hobgoblins
  A jackal (D:2)
  6 kobolds
  A quokka (D:3)
  A ball python (D:2)
  9 frilled lizards
  3 gnoll skeletons (Ossuary)
  15 goblins
  6 goblin skeletons (Ossuary)
  3 goblin zombies (Ossuary)
  6 hobgoblin skeletons (Ossuary)
  3 hobgoblin zombies (Ossuary)
  2 kobold skeletons (Ossuary)
  6 kobold zombies (Ossuary)
  5 orc skeletons
  7 orc zombies
  9 rats
  5 rat skeletons (Ossuary)
  4 rat zombies (Ossuary)
150 creatures vanquished.

Vanquished Creatures (others)
  A hobgoblin skeleton (Ossuary)
  A hobgoblin zombie (Ossuary)
2 creatures vanquished.

Grand Total: 152 creatures vanquished

Notes
Turn   | Place    | Note
-------+----------+-------------------------------------------
     0 | D:1      | Notrik the Minotaur Fighter began the quest for the Orb.
     0 | D:1      | Reached XP level 1. HP: 19/19 MP: 0/0
    99 | D:1      | Reached skill level 4 in Fighting
   105 | D:1      | Reached XP level 2. HP: 27/27 MP: 1/1
   654 | D:2      | Reached XP level 3. HP: 27/35 MP: 2/2
   669 | D:2      | Reached skill level 5 in Fighting
   678 | D:1      | Reached XP level 4. HP: 23/42 MP: 3/3
  1238 | D:2      | Reached skill level 6 in Fighting
  1307 | D:2      | Reached XP level 5. HP: 45/50 MP: 4/4
  1430 | D:2      | Reached skill level 5 in Shields
  2047 | D:3      | Noticed Robin
  2085 | D:3      | Killed Robin
  3088 | D:4      | Reached skill level 7 in Fighting
  3088 | D:4      | Reached XP level 6. HP: 46/60 MP: 5/5
  3100 | D:4      | Found a sand-covered staircase.
  3113 | Ossuary  | Entered an ossuary
  3447 | Ossuary  | Noticed Menkaure
  3465 | Ossuary  | Killed Menkaure
  3465 | Ossuary  | Reached skill level 8 in Fighting
  3465 | Ossuary  | Reached XP level 7. HP: 16/69 MP: 6/6
  3835 | D:4      | Noticed a hornet
  3843 | D:4      | Paralysed by a hornet for 3 turns
  3844 | D:4      | Slain by a hornet

Levels and vault maps discovered:
D:1:      dpeg_arrival_three_same_balls, layout_rooms, minmay_ruptured
D:2:      minmay_general_purpose_star, layout_basic, first_ration
D:3:      layout_basic, uniq_robin
D:4:      layout_gridville, nicolae_ossuary_entry_catacombs

Skill      XL: |  1  2  3  4  5  6 |
---------------+-------------------+-----
Fighting       | 4 5 6 7 8 |  8.7
Shields        | 4 5 6 |  6.6
Axes           | |  2.4
Armour         | |  3.6

Action                   |  1- 3 |  4- 6 |  7- 9 || total
-------------------------+-------+-------+-------++-------
Melee: War axe           |    79 |   267 |    39 ||   385
       Headbutt          |     6 |    49 |     9 ||    64
  Use: Potion            |       |       |     1 ||     1
  Eat: Chunk             |       |     4 |       ||     4
       Ration            |       |     3 |       ||     3
Armor: Scale mail        |    41 |    85 |    14 ||   140
Dodge: Dodged            |    35 |    65 |     5 ||   105
Block: Shield            |    43 |   103 |    18 ||   164

Table legend:
 A = Non-vault XP
 B = Vault XP
 C = Vault XP percentage of total XP
 D = Non-vault monster count
 E = Vault monster count
 F = Vault count percentage of total count
                 A         B        C        D         E       F
            +---------+---------+-------+---------+---------+-------
      Total |     297 |     670 |  69.3 |      66 |      82 |  55.4
            +---------+---------+-------+---------+---------+-------
        D:1 |      61 |       6 |   9.0 |      24 |       3 |  11.1
        D:2 |     139 |      19 |  12.0 |      26 |       5 |  16.1
        D:3 |      61 |      38 |  38.4 |      14 |      13 |  48.1
        D:4 |      36 |     377 |  91.3 |       2 |      11 |  84.6
    Ossuary |       0 |     230 | 100.0 |       0 |      50 | 100.0
            +---------+---------+-------+---------+---------+-------
